 Dungeon Crawl Stone Soup version 0.31-a0-120-gf10b62a (webtiles) character file.

Game seed: 14760395408159300609

41 PublicAnimeNo1 the Sneak (level 3, -3/28 HPs)
             Began as a Naga Enchanter on May 29, 2023.
             Slain by Natasha (5 damage)
             ... on level 2 of the Dungeon on May 31, 2023.
             The game lasted 00:04:32 (995 turns).

PublicAnimeNo1 the Sneak (Naga Enchanter)            Turns: 995, Time: 00:04:32

Health: -3/28      AC:  2    Str: 10    XL:     3   Next: 52%
Magic:  0/6        EV:  9    Int: 17    God:
Gold:   50         SH:  0    Dex: 11    Spells: 4/6 levels left

rFire   . . .        a - +1 dagger
rCold   . . .        (no shield)
rNeg    . . .        b - +0 robe
rPois   +            (no helmet)
rElec   .            (no cloak)
rCorr   .            (no gloves)
SInv    +            (no barding)
Will    .....        (no amulet)
Stlth   +++          (no ring)
HPRegen 0.24/turn    (no ring)
MPRegen 0.10/turn

%: no passive effects
@: very slightly contaminated, slowed, invisible, very slow
A: AC +1, large, see invisible, deformed body, poison resistance, slowness 2,
spit poison 1, naga tail 1
a: Spit Poison


You were on level 2 of the Dungeon.
You visited 1 branch of the dungeon, and saw 2 of its levels.

You collected 50 gold pieces.

Inventory:

Hand Weapons
 a - a +1 dagger (weapon)
Armour
 b - a +0 robe (worn)
 f - a +0 leather armour
Potions
 c - a potion of invisibility
 e - a potion of heal wounds


   Skills:
 * Level 2.3 Short Blades
 - Level 1.5 Dodging
 + Level 5.0 Stealth
 - Level 2.0 Spellcasting
 * Level 3.3 Hexes
 + Level 0.4 Ice Magic


You had 4 spell levels left.
You knew the following spells:

 Your Spells              Type           Power      Damage    Failure   Level
a - Ensorcelled Hibernat  Hex/Ice        16%        N/A       14%         2

Your spell library contained the following spells:

 Spells                   Type           Power      Damage    Failure   Level
 Confusing Touch          Hex            13%        N/A       14%         3
 Tukima's Dance           Hex            13%        N/A       14%         3
 Dazzling Flash           Conj/Hex       14%        N/A       28%         3


Dungeon Overview and Level Annotations

Branches:
Dungeon (2/15)

Altars:

Shops:
D:1 =

Annotations:
D:2 Natasha


Innate Abilities, Weirdness & Mutations

Your serpentine skin is tough. (AC +1)
You have supernaturally acute eyesight. (SInv)
Armour fits poorly on your strangely shaped body.
Your system is resistant to poisons. (rPois)
You cover ground very slowly.
You can spit poison.
You have a snake-like lower body.


Message History

The splash of poison hits the ball python!
The ball python is poisoned.
You kill the ball python!
Natasha mumbles some strange words.
Natasha shimmers violently.
Casting: Ensorcelled Hibernation (safe; 14% risk of failure)
Confirm with . or Enter, or press ? or * to list all spells.
Aiming: Ensorcelled Hibernation (safe; 14% risk of failure)
Press: ? - help, Shift-Dir - straight line, f/p - Natasha
Aim: Natasha (chance to affect: 41%)
You miscast Ensorcelled Hibernation.
You are very lightly contaminated with residual magic.
Nothing appears to happen.
Natasha barely misses you.
Casting: Ensorcelled Hibernation (safe; 14% risk of failure)
Confirm with . or Enter, or press ? or * to list all spells.
Aiming: Ensorcelled Hibernation (safe; 14% risk of failure)
Press: ? - help, Shift-Dir - straight line, f/p - Natasha
Aim: Natasha (chance to affect: 41%) Natasha resists with some effort.
Natasha claws you.
Casting: Ensorcelled Hibernation (safe; 14% risk of failure)
Confirm with . or Enter, or press ? or * to list all spells.
Aiming: Ensorcelled Hibernation (safe; 14% risk of failure)
Press: ? - help, Shift-Dir - straight line, f/p - Natasha
Aim: Natasha (chance to affect: 41%) Natasha resists with some effort.
Natasha claws you!
You hit Natasha but do no damage. Natasha misses you.
You fade into invisibility!
Natasha stares at you and mumbles some strange words.
The magic dart hits you.
* * * LOW HITPOINT WARNING * * *
You hit Natasha but do no damage. Natasha casts a spell at you.
You feel yourself slow down. Natasha attacks as you move away!
Natasha claws you!
* * * LOW HITPOINT WARNING * * *
You have got your breath back.
Natasha mumbles some strange words.
You feel troubled. Natasha claws you.
You die...

.#####..######
.............#
..#####.#.####.#
..........# #.# #
######.######.# #.##.
#.#....#.# ...
#.#.##†#.#
#.##.###.#......#
#....h@..#.#..###
.....#.#####.########
..# ...............<#
#....#####.########
#.... #.......# #....
#######.# #.).. #....


You could see Natasha.

Vanquished Creatures
  3 dart slugs (D:1)
  3 endoplasms (D:1)
  2 giant cockroaches (D:1)
  2 goblins (D:1)
  5 jackals (D:1)
  8 ball pythons
  2 bats (D:1)
  3 frilled lizards (D:1)
  A kobold (D:1)
  6 rats
35 creatures vanquished.

Notes
Turn   | Place    | Note
-------+----------+-------------------------------------------
     0 | D:1      | PublicAnimeNo1 the Naga Enchanter began the quest for the
                  | Orb.
     0 | D:1      | Reached XP level 1. HP: 15/15 MP: 3/3
    14 | D:1      | Upgraded the game from 0.31-a0-115-g4708a65 to
                  | 0.31-a0-120-gf10b62a
   158 | D:1      | Reached XP level 2. HP: 22/22 MP: 5/5
   184 | D:1      | Learned a level 2 spell: Ensorcelled Hibernation
   301 | D:1      | Found Tavyfong's Jewellery Boutique.
   396 | D:1      | Reached XP level 3. HP: 11/28 MP: 1/6
   485 | D:1      | Reached skill level 5 in Stealth
   986 | D:2      | Noticed Natasha
   995 | D:2      | HP: 1/28 [Natasha (7)]
   995 | D:2      | Slain by Natasha

Illustrated notes

Levels and vault maps discovered:
D:1:      minmay_arrival_jagged, layout_basic, serial_shops, shop,
          grunt_decor_one_mirror, minmay_tetromino_s4
D:2:      layout_basic, serial_shops, nicolae_shop_real_fake_doors, uniq_natasha

Skill      XL: |  1  2  3 |
---------------+----------+-----
Short Blades   | 2 |  2.3
Stealth        | 5 |  5.0
Dodging        | |  1.5
Spellcasting   | |  2.0
Hexes          | |  3.3
Ice Magic      | |  0.4

Action                     || total
---------------------------++-------
  Melee: Dagger            ||    55
   Cast: Ensorcelled Hiber ||     5
Ability: Spit Poison       ||    28
    Use: Scroll            ||     3
         Potion            ||     1
   Stab: Sleeping          ||     3
 Armour: Robe              ||    13
  Dodge: Dodged            ||    28

Table legend: (Time is in decaauts)
 A = Elapsed time spent in this place.
 B = Non-inter-level travel time spent in this place.
 C = Inter-level travel time spent in this place.
 D = Time resting spent in this place.
 E = Time spent auto-exploring this place.
 F = Levels seen in this place.
 G = Mean time per level.
                   A        B        C        D        E       F      G
               +--------+--------+--------+--------+--------+-----+--------+
         Total |   1228 |   1193 |     35 |    119 |    834 |   2 |  614.0 |
       Dungeon |   1228 |   1193 |     35 |    119 |    834 |   2 |  614.0 |
               +--------+--------+--------+--------+--------+-----+--------+

Top non-repeatable levels by time:
     D:1: 1164 daAuts
     D:2: 64 daAuts
